 Dungeon Crawl Stone Soup version 0.27.1-33-g824d729ab1 (webtiles) character file.

Game seed: 1635131521443950964

2683 lonewolfV2 the Digger (level 9, -3/76 HPs)
             Began as a Deep Dwarf Earth Elementalist on Dec 15, 2021.
             Was a Follower of Makhleb.
             Slain by a yak (11 damage)
             ... on level 8 of the Dungeon.
             The game lasted 00:30:12 (9363 turns).

lonewolfV2 the Digger (DDEE)                        Turns: 9363, Time: 00:30:13

Health: -3/76      AC:  8    Str: 16    XL:     9   Next: 37%
Magic:  10/10      EV: 12    Int: 21    God:    Makhleb [*.....]
Gold:   422        SH:  0    Dex: 14    Spells: 9/18 levels left

rFire    + . .     SeeInvis .   y - +6 flail (drain)
rCold    . . .     Faith    .   (no shield)
rNeg     . . .     Spirit   .   z - +3 ring mail {rF+}
rPois    .         Reflect  .   (helmet currently unavailable)
rElec    .         Harm     .   (no cloak)
rCorr    .         Rampage  .   (no gloves)
Will     +....                  (boots currently unavailable)
Stlth    ++........             v - amulet of Muj Saogh {+Inv Regen+ Str-2 Int+3}
HPRegen  0.00/turn              f - +6 ring of strength
MPRegen  0.12/turn              j - +4 ring of slaying

@: appendages (expiring)
A: horns 2, talons 2, damage resistance, heal wounds, sense surroundings 2, no
regeneration
a: Heal Wounds, End Transformation, Renounce Religion, Evoke Invisibility


You were on level 8 of the Dungeon.
You worshipped Makhleb.
Makhleb was aware of your devotion.
You had temporarily grown beastly horns and talons.
You visited 1 branch of the dungeon, and saw 8 of its levels.

You collected 519 gold pieces.
You spent 97 gold pieces at shops.

Inventory:

Hand Weapons
 o - a +4 quarterstaff of chaos
 y - a +6 flail of draining (weapon)
Missiles
 k - 172 stones
Armour
 b - a +1 robe
 z - a +3 ring mail of fire resistance (worn)
Magical Staves
 a - a staff of death
 d - a staff of conjuration
Jewellery
 f - a +6 ring of strength (left hand)
 g - a ring of ice
 j - a +4 ring of slaying (right hand)
 m - an amulet of reflection
 t - a ring of magical power
 v - the amulet of Muj Saogh (around neck) {+Inv Regen+ Str-2 Int+3}
   (You found it on level 6 of the Dungeon)

   [amulet of regeneration]

   Str:       It affects your strength (-2).
   Int:       It affects your intelligence (+3).
   +Inv:      It lets you turn invisible.
   Regen:     It increases your rate of health regeneration.
Wands
 c - a wand of iceblast (6)
 i - a wand of polymorph (9) (quivered)
 u - a wand of acid (5)
 B - a wand of flame (15)
Scrolls
 e - 2 scrolls of teleportation
 h - a scroll of holy word
 p - a scroll of noise
 w - a scroll of enchant weapon
 A - 2 scrolls of identify
 C - 2 scrolls of magic mapping
 E - a scroll of brand weapon {unknown}
Potions
 l - 2 potions of degeneration {unknown}
 n - 4 potions of lignification
 q - a potion of attraction
 r - a potion of invisibility {unknown}
 s - 2 potions of cancellation
 x - a potion of brilliance
 D - a potion of curing


   Skills:
 + Level 3.4 Fighting
 + Level 1.4(4.3) Maces & Flails
 + Level 5.8(5.9) Staves
 + Level 1.2 Armour
 + Level 5.1 Dodging
 + Level 4.7 Stealth
 + Level 2.8 Shields
 + Level 5.1 Spellcasting
 + Level 1.0 Conjurations
 + Level 2.0 Transmutations
 + Level 7.2 Earth Magic


You had 9 spell levels left.
You knew the following spells:

 Your Spells              Type           Power      Damage    Failure   Level
a - Sandblast             Erth           70%        2d15      1%          1
b - Passwall              Tmut/Erth      20%        N/A       4%          2
c - Stone Arrow           Conj/Erth      44%        3d9       11%         3
d - Beastly Appendage     Tmut           28%        N/A       9%          1
e - Wereblood             Tmut           14%        N/A       13%         2

Your spell library contained the following spells:

 Spells                   Type           Power      Damage    Failure   Level
 Lee's Rapid Deconstruct  Erth           17%        3d12*     28%         5
 Slow                     Hex            5%         N/A       30%         2
 Petrify                  Tmut/Erth      25%        N/A       30%         4
 Spider Form              Tmut/Pois      4%         N/A       38%         3
 Ignite Poison            Fire/Tmut/Pois 8%         N/A       43%         3
 Mephitic Cloud           Conj/Pois/Air  6%         N/A       47%         3
 Confusing Touch          Hex            5%         N/A       52%         3
 Vampiric Draining        Necr           2%         2d6       52%         3
 Fulminant Prism          Conj/Hex       3%         3d6       86%         4
 Iskenderun's Mystic Bla  Conj/Tloc      7%         2d4       86%         4
 Bolt of Magma            Conj/Fire/Erth 8%         4d6       88%         5


Dungeon Overview and Level Annotations

Branches:
Dungeon (8/15)             Temple (0/1) D:7
   Lair: D:8-11

Altars:
Ashenzari
Dithmenos
Fedhas
Hepliaklqana
Makhleb
Nemelex Xobeh
Okawaru
Qazlal
Sif Muna
Trog
Uskayaw
Zin

Shops:
D:6 ?


Innate Abilities, Weirdness & Mutations

You have temporarily grown beastly horns and talons.
You are resistant to damage.
You can heal yourself by infusing magical energy.
You passively map the area around you.
You do not regenerate.


Message History

A yak is nearby!
Casting: Beastly Appendage (safe; 9% risk of failure)
Confirm with . or Enter, or press ? or * to list all spells.
You grow a pair of large bovine horns.
Your feet morph into talons.
A yak comes into view.
A yak comes into view. 3 yaks come into view.
The yak bellows! x3
The yak closely misses you.
The yak bellows! x2
You hit the yak. You claw the yak. You headbutt the yak!
The yak is heavily wounded.
The yak gores you! x2
The yak gores you. The yak gores you.
You sock the yak! You drain the yak.
The yak is almost dead.
You barely miss the yak. You claw the yak. Your headbutt misses the yak.
The yak is lightly wounded.
You sock the yak!
The yak is moderately wounded.
Your transformation is almost over.
The yak barely misses you. x2; The yak gores you.
The yak gores you but does no damage.
You hit the yak. You drain the yak. You claw the yak.
The yak is heavily wounded.
The yak closely misses you. The yak gores you. The yak barely misses you.
The yak closely misses you.
You hit the yak but do no damage. You claw the yak.
The yak is lightly wounded.
The yak gores you! The yak barely misses you. The yak gores you! x2
* * * LOW HITPOINT WARNING * * *
The yak barely misses you.
You sock the yak! You drain the yak.
The yak is heavily wounded.
The yak closely misses you.
The yak gores you but does no damage. x2
The yak misses you. The yak gores you!
* * * LOW HITPOINT WARNING * * *
You fail to use your ability.
The yak gores you!
You die...

#+###........####+####...#.....#
....#........#.......#...#.....#
....#........#.......#...#.....#
....+........+......,#...#.....#
....#........#.....,,#...#.....#
....#........#....#**#...#.....#
###.#........#..Y.####...#.....#
###.####.....#.YYY.......#.....#
.#.....#.....#.Y@........#.....#
.#.....#.....#.Y.........#.....#
.#.....#..)).#...........#.....#
.#...))#.....#...........#.....##
.#...).'.....#...........#.....#.
###...##.....#....###+####.....#.
.##...#......#....#............#.
......#......'....#<...........#.
......#......#....#............'.


You could see 6 yaks.

Vanquished Creatures
  Grinder (D:6)
  Sigmund (D:7)
  A steam dragon (D:8)
  Edmund (D:7)
  An ice beast (D:6)
  2 sky beasts
  2 orc warriors
  A phantom (D:7)
  Blork the orc (D:4)
  A bullfrog (D:7)
  2 kobold brigands
  A gnoll sergeant (D:7)
  4 scorpions
  A wyvern skeleton (D:6)
  2 water moccasin skeletons
  An electric eel (D:6)
  3 howler monkeys
  2 jellies
  A centaur skeleton (D:7)
  3 hounds
  An orc priest (D:8)
  3 iguanas
  Crazy Yiuf (D:3)
  3 bullfrog skeletons
  5 orc wizards
  3 adders
  A shadow imp (D:7)
  3 white imps
  An ufetubus (D:6)
  A dart slug (D:4)
  18 orcs
  7 endoplasms
  2 giant cockroaches
  5 goblins
  6 hobgoblins
  6 jackals
  4 quokkas
  10 ball pythons
  7 bats
  4 frilled lizards
  14 kobolds
  10 rats
147 creatures vanquished.

Vanquished Creatures (others)
  A fungus (D:1)
  5 plants
6 creatures vanquished.

Grand Total: 153 creatures vanquished

Notes
Turn   | Place    | Note
-------+----------+-------------------------------------------
     0 | D:1      | lonewolfV2 the Deep Dwarf Earth Elementalist began the
                  | quest for the Orb.
     0 | D:1      | Reached XP level 1. HP: 15/15 MP: 3/3
  1012 | D:1      | Reached XP level 2. HP: 19/22 MP: 0/4
  1616 | D:1      | Learned a level 2 spell: Passwall
  1623 | D:1      | Reached skill level 1 in Transmutations
  2032 | D:1      | Reached XP level 3. HP: 24/28 MP: 4/6
  2125 | D:1      | Found a faded altar of an unknown god.
  2216 | D:1      | Learned a level 3 spell: Stone Arrow
  2428 | D:2      | Identified a scroll of acquirement
  2438 | D:2      | Acquired a staff of death
  2781 | D:2      | Reached skill level 5 in Earth Magic
  3113 | D:3      | Noticed a scorpion
  3133 | D:3      | Killed a scorpion
  3134 | D:3      | Reached XP level 4. HP: 20/37 MP: 4/8
  3543 | D:3      | Reached XP level 5. HP: 42/43 MP: 5/8
  3647 | D:3      | Found a runed translucent door.
  3648 | D:3      | Noticed Crazy Yiuf
  4226 | D:3      | Killed Crazy Yiuf
  4227 | D:3      | Reached skill level 1 in Fighting
  4475 | D:4      | Reached skill level 6 in Earth Magic
  4475 | D:4      | Reached XP level 6. HP: 43/51 MP: 8/10
  4691 | D:4      | Noticed Blork the orc
  4699 | D:4      | Killed Blork the orc
  4700 | D:4      | Reached skill level 1 in Staves
  4724 | D:4      | Found a shadowy altar of Dithmenos.
  4724 | D:4      | Noticed a shadow
  4730 | D:4      | Found a hazy altar of Hepliaklqana.
  5892 | D:5      | Entered Level 5 of the Dungeon
  6032 | D:5      | Learned a level 1 spell: Beastly Appendage
  6187 | D:5      | Reached XP level 7. HP: 50/57 MP: 10/12
  6302 | D:5      | Reached skill level 1 in Shields
  6794 | D:6      | Reached skill level 7 in Earth Magic
  7000 | D:6      | Found Vyfel's Magic Scroll Shoppe.
  7167 | D:6      | Noticed Grinder
  7175 | D:6      | Paralysed by Grinder for 6 turns
  7185 | D:6      | Killed Grinder
  7186 | D:6      | Reached XP level 8. HP: 36/67 MP: 13/13
  7327 | D:6      | Reached skill level 1 in Conjurations
  7391 | D:6      | Found a burning altar of Makhleb.
  7395 | D:6      | Noticed a green death
  7402 | D:6      | Became a worshipper of Makhleb the Destroyer
  7431 | D:6      | Found a stormy altar of Qazlal.
  7435 | D:6      | Found a shimmering blue altar of Sif Muna.
  7728 | D:6      | Found a glowing silver altar of Zin.
  7847 | D:6      | Identified the amulet of Muj Saogh {+Inv Regen+ Str-2
                  | Int+3}
  7867 | D:6      | Bought a scroll of enchant weapon for 97 gold pieces
  7993 | D:7      | Reached skill level 5 in Staves
  8125 | D:7      | Reached skill level 5 in Dodging
  8216 | D:7      | Found a blossoming altar of Fedhas.
  8216 | D:7      | Found a bloodstained altar of Trog.
  8271 | D:7      | Learned a level 2 spell: Wereblood
  8300 | D:7      | Found a staircase to the Ecumenical Temple.
  8385 | D:7      | Found a sparkling altar of Nemelex Xobeh.
  8472 | D:7      | Found a broken altar of Ashenzari.
  8492 | D:7      | Gained mutation: You passively map the area around you.
                  | [Deep Dwarf growth]
  8492 | D:7      | Reached XP level 9. HP: 64/74 MP: 3/10
  8635 | D:7      | Found an iron altar of Okawaru.
  8695 | D:7      | Noticed Edmund
  8714 | D:7      | Killed Edmund
  8732 | D:7      | Noticed Sigmund
  8740 | D:7      | Killed Sigmund
  8741 | D:7      | Reached skill level 5 in Spellcasting
  9076 | D:8      | Found a hide-covered altar of Uskayaw.
  9136 | D:8      | Reached skill level 1 in Maces & Flails
  9159 | D:8      | Reached * piety under Makhleb
  9235 | D:8      | Reached skill level 1 in Armour
  9363 | D:8      | Slain by a yak

Illustrated notes

Levels and vault maps discovered:
D:1:      zelgadis_glass_arrival_small, layout_basic,
          shapermc_ecumenical_altar_acropolis, minmay_pentomino_s2
D:2:      layout_basic, nrook_campfire, minmay_misc_feat_columns
D:3:      layout_loops_corners, dk_noncrumbling_2, uniq_crazy_yiuf_cottage
D:4:      minmay_skewed_foursquare, layout_layer_cave,
          riverfiend_overflow_shadow_ancestor, saegor_snake_ambush,
          uniq_blork_the_orc
D:5:      layout_loops_ring
D:6:      layout_gridville, makhleb_altar_promises_db,
          grunt_temple_overflow_open, zin_scriptorium, serial_shops,
          nicolae_inconvenience_store, eino_curves_02, serial_bayou_ford_a,
          minmay_crystal_room, uniq_grinder
D:7:      layout_rooms, kennysheep_okawaru_gauntlet, nemelex_altar_shiori,
          ashenzari_conservatory_becter, jmf_multi_god_temple,
          minmay_temple_entry_waves, sigmund_edmund_badplayer
D:8:      layout_gridville, mainiacjoe_overflow_alcove_4, due_unseen_surprise

Skill      XL: |  1  2  3  4  5  6  7  8  9 |
---------------+----------------------------+-----
Spellcasting   | 2 3 4 5 |  5.1
Transmutations | 1 2 |  2.0
Earth Magic    | 5 6 7 |  7.2
Stealth        | 3 4 |  4.7
Fighting       | 1 3 |  3.4
Staves         | 2 3 5 |  5.8
Dodging        | 3 5 |  5.1
Shields        | 2 |  2.8
Conjurations   | 1 |  1.0
Maces & Flails | 1 |  1.4
Armour         | 1 |  1.2

Action                   |  1- 3 |  4- 6 |  7- 9 || total
-------------------------+-------+-------+-------++-------
Melee: Unarmed           |    62 |       |       ||    62
       Staff             |    29 |     9 |       ||    38
       Quarterstaff      |       |    35 |   137 ||   172
       Kick              |       |     1 |    18 ||    19
       Headbutt          |       |     1 |    11 ||    12
       Flail             |       |       |    40 ||    40
Throw: Stone             |     1 |       |       ||     1
 Cast: Sandblast         |    57 |    13 |     8 ||    78
       Passwall          |     1 |       |       ||     1
       Stone Arrow       |     5 |     9 |     6 ||    20
       Beastly Appendage |       |     1 |    16 ||    17
       Wereblood         |       |       |     5 ||     5
 Abil: Heal Wounds       |     5 |     3 |    23 ||    31
       End Transformatio |       |       |     1 ||     1
  Use: Scroll            |     5 |     4 |     9 ||    18
       Potion            |       |     4 |     3 ||     7
 Stab: Sleeping          |     1 |     1 |       ||     2
Armor: Robe              |    33 |     5 |    48 ||    86
       Ring mail         |       |       |    20 ||    20
Dodge: Dodged            |    78 |    26 |   188 ||   292
Block: Other             |       |     9 |    26 ||    35
